 Dungeon Crawl Stone Soup version 0.30.0-19-g36f170ea60 (webtiles) character file.

Game seed: 3940486396774792703

311 bnnuy the Sneak (level 6, -3/38 HPs)
             Began as an Octopode Transmuter on June 2, 2023.
             Was a Believer of Elyvilon.
             Slain by an orc warrior
             ... wielding a +0 long sword
              (13 damage)
             ... on level 4 of the Dungeon.
             The game lasted 00:14:35 (3467 turns).

bnnuy the Sneak (Octopode Transmuter)               Turns: 3467, Time: 00:14:36

Health: -3/38      AC:  1    Str: 11    XL:     6   Next: 42%
Magic:  8/10       EV: 14    Int: 21    God:    Elyvilon [**....]
Gold:   130        SH:  0    Dex: 13    Spells: 8/11 levels left

rFire   . . .        b - +0 dagger
rCold   . . .        (no shield)
rNeg    . . .        (helmet currently unavailable)
rPois   .            t - amulet of the acrobat
rElec   .            c - ring of see invisible
rCorr   .            o - +6 ring of intelligence
SInv    +            q - +4 ring of slaying
Will    .....        (no ring)
Stlth   +++          (no ring)
HPRegen 0.26/turn    (no ring)
MPRegen 0.12/turn    (no ring)
                     (no ring)

%: acrobat
@: appendages, wereblooded
A: tentacle spike 3, almost no armour, amphibious, 8 rings, camouflage 1,
gelatinous body 1, (nimble swimmer 1), tentacles
a: End Transformation, Renounce Religion, Purification, Heal Other


You were on level 4 of the Dungeon.
You worshipped Elyvilon.
Elyvilon was pleased with you.
One of your tentacles had grown a beastly spike.
You visited 1 branch of the dungeon, and saw 4 of its levels.

You collected 130 gold pieces.

Inventory:

Hand Weapons
 b - a +0 dagger (weapon)
Missiles
 d - 4 boomerangs
Jewellery
 c - a ring of see invisible (left tentacle)
 o - a +6 ring of intelligence (right tentacle)
 q - a +4 ring of slaying (on tentacle)
 t - an amulet of the acrobat (around mantle)
Scrolls
 a - a scroll of fear {unknown}
 f - 2 scrolls of immolation {unknown}
 g - a scroll of vulnerability {unknown}
 h - a scroll of enchant armour {unknown}
 i - a scroll of blinking {unknown}
 k - 2 scrolls of teleportation {unknown}
 n - 2 scrolls of identify {unknown}
 p - a scroll of poison {unknown}
 r - 2 scrolls of noise {unknown}
Potions
 e - a potion of ambrosia {unknown}
 j - a potion of flight {unknown}
 l - a potion of lignification
 m - 2 potions of resistance {unknown}
 s - a potion of heal wounds
 u - a potion of curing {unknown}


   Skills:
 - Level 1.0 Fighting
 + Level 3.4 Dodging
 - Level 4.0 Stealth
 - Level 4.0 Unarmed Combat
 + Level 3.2 Spellcasting
 + Level 3.3 Transmutations


You had 8 spell levels left.
You knew the following spells:

 Your Spells              Type           Power      Damage    Failure   Level
a - Beastly Appendage     Tmut           34%        N/A       3%          1
b - Wereblood             Tmut           17%        N/A       4%          2

Your spell library contained the following spells:

 Spells                   Type           Power      Damage    Failure   Level
 Static Discharge         Conj/Air       6%         2-3/arc   21%         2
 Spider Form              Tmut/Pois      10%        N/A       21%         3
 Dazzling Flash           Conj/Hex       6%         N/A       36%         3
 Ice Form                 Ice/Tmut       10%        N/A       54%         4
 Airstrike                Air            1%         2d(1-17)  78%         4
 Summon Lightning Spire   Summ/Air       3%         N/A       78%         4
 Alistair's Intoxication  Tmut/Pois      6%         N/A       88%         5
 Agony                    Necr           3%         N/A       98%         5
 Borgnjor's Vile Clutch   Necr/Erth      1%         N/A       98%         5
 Silence                  Hex/Air        1%         N/A       98%         5
 Eringya's Noxious Bog    Tmut/Pois      5%         N/A       100%        6


Dungeon Overview and Level Annotations

Branches:
Dungeon (4/15)
 Temple: D:4-7

Altars:
Dithmenos
Elyvilon


Innate Abilities, Weirdness & Mutations

One of your tentacles has grown a beastly spike.
You cannot wear most types of armour.
You are amphibious.
You can wear up to eight rings at the same time.
Your skin changes colour to match your surroundings (Stealth+).
Your rubbery body absorbs attacks. (AC +1, EV +1)
((You are camouflaged when in or above water. (Stealth+)))
You have tentacles for arms and can constrict up to eight enemies at once.


Message History

You constrict the worm. You hit the worm. You squeeze the worm!
You kill the worm!
You start resting.
HP restored.
Found a stone staircase leading down.
A dart slug comes into view.
Press: ? - help, Dir - move target, f - orc warrior Heal: an orc warrior, wielding a +0 long sword and wearing a +0 plate armour (uninterested)
Casting: Beastly Appendage (safe; 3% risk of failure)
Confirm with . or Enter, or press ? or * to list all spells.
Your blood is infused with primal strength.
Casting: Wereblood (safe; 4% risk of failure)
Confirm with . or Enter, or press ? or * to list all spells.
One of your tentacles grows a vicious spike.
Casting: Beastly Appendage (safe; 3% risk of failure)
Confirm with . or Enter, or press ? or * to list all spells.
Okay, then.
Press: ? - help, Dir - move target, f - dart slug Heal: a dart slug (chance to pacify: 43%)
The dart slug launches a dart at you. The slug dart misses you.
The orc warrior hits you with a +0 long sword!
You hit the orc warrior but do no damage.
You grab the orc warrior.
Your tentacle spike misses the orc warrior.
You constrict the orc warrior, but do no damage.
The orc warrior misses you.
You hit the orc warrior but do no damage.
You pierce the orc warrior, but do no damage.
You constrict the orc warrior, but do no damage.
The orc warrior hits you with a +0 long sword!!
Ouch! That really hurt!
* * * LOW HITPOINT WARNING * * *
The dart slug launches a dart at you. The slug dart misses you.
You release your grip on the orc warrior.
There is a stone staircase leading up here.
The orc warrior hits you with a +0 long sword!
You die...

##.........
#.......... #.........
### #........ #..#
#......# #..##......#
#..........# .
#.......†# ..
##.@o....# ... .
##.....## .... ..
###....##.... ...
##o....# .... #####
##.o#### ...o.
##...###..#...#...##
#....##..#.......o.#
##....#..##...w.......
#.......####..........


You could see an orc warrior, an orc priest and an orc.

Vanquished Creatures
  A black bear (D:4)
  A hound (D:4)
  9 adders
  3 gnolls
  An ufetubus (D:4)
  2 worms
  3 dart slugs
  An orc (D:3)
  4 bats
  4 endoplasms
  8 giant cockroaches
  11 goblins
  3 hobgoblins
  2 jackals (D:2)
  A quokka (D:2)
  5 ball pythons
  4 frilled lizards
  4 kobolds
  6 rats
73 creatures vanquished.

Notes
Turn   | Place    | Note
-------+----------+-------------------------------------------
     0 | D:1      | bnnuy the Octopode Transmuter began the quest for the Orb.
     0 | D:1      | Reached XP level 1. HP: 13/13 MP: 3/3
    55 | D:1      | Reached XP level 2. HP: 18/18 MP: 3/5
   196 | D:1      | Reached skill level 1 in Stealth
   524 | D:1      | Reached XP level 3. HP: 21/23 MP: 6/6
   838 | D:2      | Found a white marble altar of Elyvilon.
   914 | D:2      | Became a worshipper of Elyvilon the Healer
   960 | D:2      | Reached XP level 4. HP: 7/28 MP: 7/7
  1937 | D:3      | Reached * piety under Elyvilon
  2016 | D:3      | Found a shadowy altar of Dithmenos.
  2199 | D:3      | Reached XP level 5. HP: 33/33 MP: 8/8
  2956 | D:4      | Reached ** piety under Elyvilon
  2980 | D:4      | Learned a level 2 spell: Wereblood
  3203 | D:4      | Noticed a black bear
  3211 | D:4      | Killed a black bear
  3212 | D:4      | Reached XP level 6. HP: 29/38 MP: 4/10
  3295 | D:4      | Noticed an orc warrior
  3467 | D:4      | Slain by an orc warrior

Illustrated notes

Levels and vault maps discovered:
D:1:      roderic_crop_circles_arrival_small, layout_loops_ring,
          supply_closet_lemuel, minmay_worlds_worst_comb
D:2:      layout_loops_ring, basic_altar, minmay_circled_x
D:3:      layout_basic, mainiacjoe_overflow_small_starburst
D:4:      layout_cave_pods, serial_park_tiny_1, minmay_shop_grid_forest

Skill      XL: |  1  2  3  4  5  6 |
---------------+-------------------+-----
Stealth        | 1 2 3 4 |  4.0
Dodging        | 3 |  3.4
Transmutations | 3 |  3.3
Spellcasting   | 3 |  3.2
Unarmed Combat | 4 |  4.0
Fighting       | |  1.0

Action                     |  1- 3 |  4- 6 || total
---------------------------+-------+-------++-------
  Melee: Unarmed           |    10 |       ||    10
         Constrict         |    21 |    26 ||    47
         Dagger            |    73 |   107 ||   180
         Kick              |     6 |    15 ||    21
         Tentacles         |    10 |    18 ||    28
         Punch             |     3 |     2 ||     5
   Cast: Beastly Appendage |     6 |    14 ||    20
         Wereblood         |       |     2 ||     2
 Invoke: Heal Other        |       |     1 ||     1
    Use: Potion            |     1 |     1 ||     2
   Stab: Sleeping          |    12 |     7 ||    19
 Armour: Skin              |    20 |    22 ||    42
  Dodge: Dodged            |    33 |    88 ||   121
